Map: Abyssal Reef LE

Players

llllllllll - Winner!

  • Race: Zerg Zerg
  • League: Master
  • Spawn Location: 11:00

PhyNix

  • Race: Terran Terran
  • League: Diamond
  • Spawn Location: 5:00

VOD

Have the link to the VOD?

Description

Time

  • Played on: Sept. 3, 2017, 12:32 a.m.
  • Length: 11:04
Show
View Real Time Build Order
Export as new Build Order

llllllllll Zerg - Winner!

Build Orders: Pool First 

Get SALT Encoding   

  12  0:01  Drone  
  13  0:12  Overlord  
  13  0:17  Drone  
  14  0:31  Drone x2  
  14  0:35  Drone  
  17  0:37  Extractor  
  16  0:46  Drone  
  17  0:53  Spawning Pool  
  16  0:57  Drone  
  17  1:19  Hatchery  
  17  1:21  Drone  
  17  1:25  Drone  
  18  1:32  Drone  
  19  1:46  Roach Warren  
  18  1:51  Queen  
  20  1:56  Zergling x2  
  20  1:58  Drone  
  22  2:06  Overlord  
  22  2:27  Queen  
  24  2:31  Roach x2  
  24  2:32  Roach  
  30  2:42  Queen  
  32  2:49  Drone  
  33  2:52  Overlord  
  33  3:00  Ravager  
  33  3:01  Ravager x2  
  33  3:03  Overlord  
  36  3:12  Drone x2  
  38  3:19  Drone  
  39  3:20  Drone x2  
  40  3:44  Drone  
  40  3:45  Drone x5  
  40  3:47  Lair  
  46  4:03  Drone  
  46  4:04  Drone x4  
  51  4:15  Overlord x2  
  51  4:20  Extractor  
  51  4:21  Extractor  
  49  4:31  Drone x2  
  51  4:40  Drone  
  51  4:41  Drone x4  
  56  4:51  Extractor, Drone x2  
  56  4:52  Drone  
  58  4:53  Drone x2  
  58  4:56  Overlord x2  
  60  5:00  Spire  
  59  5:11  Hatchery, Overlord x2  
  58  5:16  Roach  
  58  5:17  Roach x2  
  64  5:23  Roach  
  64  5:24  Roach x3  
  72  5:31  Queen  
  72  5:33  Queen  
  76  5:53  Drone x2  
  76  5:54  Drone x2  
  80  5:57  Zergling x2  
  80  5:58  Zergling x12  
  87  6:08  Overlord  
  87  6:10  Overlord  
  87  6:18  Evolution Chamber  
  86  6:19  Evolution Chamber  
  86  6:20  Mutalisk x3  
  91  6:28  Mutalisk  
  91  6:29  Mutalisk x3  
  99  6:36  Overlord  
  99  6:39  Drone x3  
  102  6:41  Queen  
  104  6:50  Zerg Ground Armor Level 1  
  104  6:51  Zerg Missile Weapons Level 1  
  104  6:55  Ravager x2  
  104  6:58  Drone  
  104  6:59  Drone x3  
  104  7:00  Drone  
  111  7:10  Glial Reconstitution  
  111  7:12  Overlord  
  111  7:14  Drone x5  
  114  7:24  Drone  
  114  7:25  Drone x6  
  121  7:36  Overlord  
  121  7:37  Overlord x3  
  121  7:40  Extractor  
  121  7:42  Extractor  
  121  7:43  Drone x2  
  121  7:44  Drone  
  122  7:45  Drone x2  
  122  7:50  Drone  
  125  8:01  Hatchery  
  125  8:05  Roach x5  
  134  8:12  Roach  
  136  8:13  Roach x7  
  136  8:18  Ravager  
  136  8:19  Ravager x4  
  155  8:23  Overlord x4  
  154  8:42  Roach  
  154  8:43  Roach x5  
  163  8:50  Ravager  
  163  8:51  Ravager x6  
  170  9:07  Roach  
  170  9:08  Roach x10  
  178  9:24  Ravager x2  
  169  9:25  Ravager  
  169  9:27  Roach  
  169  9:28  Roach x4  
  178  9:44  Hatchery  
  177  9:53  Infestation Pit  
  177  9:59  Hatchery  
  175  10:09  Zergling x22  
  175  10:10  Zergling x8  
  190  10:22  Hydralisk Den  
  185  10:32  Overlord x2  
  185  10:36  Drone x9  
Show
View Real Time Build Order
Export as new Build Order

PhyNix Terran 

Build Orders: Reaper Expand 

Get SALT Encoding   

  12  0:01  SCV  
  13  0:13  SCV  
  14  0:17  Supply Depot  
  14  0:25  SCV  
  15  0:28  Refinery  
  15  0:39  SCV  
  16  0:46  Barracks  
  16  0:53  SCV  
  17  1:05  SCV  
  18  1:17  SCV  
  19  1:33  Orbital Command  
  19  1:34  Reaper  
  20  1:48  Command Center  
  20  1:59  SCV  
  21  2:05  Factory  
  21  2:07  Barracks Reactor  
  21  2:11  SCV  
  22  2:21  Supply Depot  
  22  2:23  SCV  
  22  2:25  Refinery  
  23  2:42  SCV  
  24  2:54  SCV, Starport  
  24  2:55  Barracks Tech Lab  
  25  3:06  SCV  
  25  3:07  Orbital Command  
  25  3:09  Cyclone  
  29  3:17  Supply Depot  
  29  3:18  Cyclone  
  32  3:20  Supply Depot  
  31  3:55  Cyclone  
  34  3:56  Marine  
  35  4:09  Cyclone  
  38  4:14  Marine  
  38  4:31  Marine  
  39  4:44  Supply Depot  
  39  4:45  Cyclone  
  42  4:49  Marine  
  43  4:59  Cyclone  
  46  5:02  Orbital Command  
  46  5:07  Marine  
  47  5:20  SCV  
  48  5:25  Marine  
  48  5:27  Factory  
  48  5:28  SCV  
  50  5:32  SCV  
  51  5:40  SCV  
  52  5:44  SCV  
  52  5:48  Refinery  
  52  5:49  Supply Depot, Refinery, Marine  
  54  6:01  Engineering Bay  
  54  6:10  SCV x2, Cyclone, Marine  
  54  6:11  Hellion  
  62  6:16  Supply Depot  
  62  6:21  Supply Depot  
  62  6:26  Supply Depot  
  62  6:33  Missile Turret  
  62  6:35  Missile Turret  
  62  6:38  SCV x2, Siege Tank  
  67  6:42  Missile Turret  
  67  6:45  Armory  
  67  6:50  SCV x2  
  69  7:02  SCV  
  70  7:09  Cyclone  
  70  7:10  Cyclone, Siege Tank  
  77  7:28  Missile Turret  
  77  7:32  Marine  
  77  7:33  Missile Turret  
  77  7:36  Terran Vehicle Weapons Level 1  
  78  7:38  SCV x2  
  80  7:50  Marine  
  81  7:55  Missile Turret  
  81  7:56  Missile Turret  
  81  7:57  Hi-Sec Auto Tracking  
  81  8:03  Supply Depot  
  79  8:08  Supply Depot  
  79  8:09  Thor  
  83  8:27  Armory  
  83  8:28  Missile Turret  
  83  8:29  Missile Turret  
  80  8:52  Siege Tank  
  80  8:54  Hellbat x2  
  84  9:10  Missile Turret x2  
  55  9:28  Factory Tech Lab  
  55  9:31  Cyclone x2  
  54  9:34  Refinery  
  54  9:35  SCV x2  
  54  9:37  Refinery  
  56  9:47  Factory  
  56  9:50  Factory  
  56  10:09  Siege Tank  
  59  10:14  SCV  
  59  10:15  SCV  
  61  10:22  Barracks Tech Lab  
  59  10:34  Factory Tech Lab  
Tags
 
Add a new tag
Caveats
  • Supply blocks, unpowered buildings, or Contaminate may cause inaccurate times.
  • Supply counts are checked every 10 seconds.